 Dungeon Crawl Stone Soup version 0.30.0-29-ga12c61a403 (webtiles) character file.

Game seed: 12459662947413394750

313 qw the Chopper (level 6, 0/38 HPs)
             Began as a Gargoyle Fighter on June 2, 2023.
             Slain by an orc warrior
             ... wielding a +0 war axe
              (7 damage)
             ... on level 6 of the Dungeon.
             The game lasted 00:00:56 (2100 turns).

qw the Chopper (Gargoyle Fighter)                   Turns: 2100, Time: 00:00:56

Health: 0/38       AC: 14    Str: 22    XL:     6   Next: 43%
Magic:  6/6        EV: 10    Int:  8    God:
Gold:   78         SH:  4    Dex:  9    Spells: 5/5 levels left

rFire   + . .        Y - +0 war axe
rCold   . . .        c - +0 buckler
rNeg    + . .        b - +0 scale mail
rPois   inf          l - +0 helmet
rElec   +            (no cloak)
rCorr   .            (no gloves)
SInv    .            e - +1 pair of boots
Will    .....        m - amulet of regeneration Stlth
                     j - ring of protection from fire
HPRegen 1.06/turn    (no ring)
MPRegen 0.10/turn

%: no passive effects
@: no status effects
A: sickness immunity, AC +4, negative energy resistance 1, electricity
resistance, torment resistance 1, petrification resistance
a: no special abilities


You were on level 6 of the Dungeon.
You visited 1 branch of the dungeon, and saw 4 of its levels.

You collected 78 gold pieces.


Innate Abilities, Weirdness & Mutations

You are immune to sickness and miasma.
Your stone body is resilient. (AC +4)
You are immune to poison.
You resist negative energy. (rN+)
You are resistant to electric shocks. (rElec)
You are resistant to unholy torment.
You are immune to petrification.


   Skills:
 - Level 4.1 Fighting
 + Level 5.1 Axes
 - Level 3.2 Armour
 - Level 1.7 Dodging
 - Level 3.2 Shields


You had 5 spell levels left.
You didn't know any spells.
Your spell library was empty.

Inventory:

Hand Weapons
 p - a +0 whip
 Y - a +0 war axe (weapon)
Missiles
 o - 4 boomerangs (quivered)
Armour
 b - a +0 scale mail (worn)
 c - a +0 buckler (worn)
 e - a +1 pair of boots (worn)
 l - a +0 helmet (worn)
Jewellery
 j - a ring of protection from fire (left hand)
 m - an amulet of regeneration (around neck)
Scrolls
 a - 2 scrolls of identify
 g - a scroll of torment {unknown}
Potions
 d - 2 potions of might
 f - 2 potions of curing
 k - a potion of attraction {unknown}
 n - a potion of berserk rage {unknown}

Dungeon Overview and Level Annotations

Branches:
Dungeon (6/15)
 Temple: D:4-7

Altars:
Yredelemnul


Message History

The iguana closely misses you. The orc warrior barely misses you.
You barely miss the iguana.
The iguana is heavily wounded.
The orc wizard shouts!
You hit the orc warrior. The iguana bites you.
The orc wizard mumbles some strange words.
The orc wizard flickers and vanishes!
Deactivating autopickup; reactivate with Ctrl-A.
The orc warrior hits you with a +0 war axe!
You hit the orc warrior but do no damage.
The orc warrior is heavily wounded.
You hit the iguana.
The iguana bites you but does no damage.
The orc warrior hits you with a +0 war axe!
You hit the iguana.
The iguana is almost dead.
You closely miss the orc warrior.
The iguana hisses menacingly.
The iguana barely misses you. The orc warrior barely misses you.
You hit the iguana but do no damage.
The iguana is almost dead.
You barely miss the orc warrior.
The iguana bites you but does no damage.
The orc warrior hits you but does no damage. x2
The iguana bites you but does no damage.
The orc wizard barely misses you.
You slash the iguana!
You kill the iguana!
You hit the orc wizard. You hit the orc warrior.
The orc wizard hits you but does no damage.
You block the orc warrior's attack.
You hear some strange, mumbled words.
A puff of flame appears from out of thin air!
The puff of flame misses you.
You hit the orc warrior but do no damage.
The orc warrior is severely wounded.
You closely miss the orc wizard.
The orc warrior hits you with a +0 war axe!
You die...

#..#....(##
#.........####
##########.............
#...................#
#.#########.#.....#.#
##.# #.##...##.#####
...# #.###..##.....
#..# #.# #.o#..#.###.
#..# ..# #@%{........
#..# #.# ##o)....###
#..# #.# ###).#### #..#
#.# #.....# #..#
##.##.# #..# #.# # ....
#.# ..# ..#


You could see an orc warrior and an orc wizard.

Vanquished Creatures
  A black bear (D:3)
  A kobold brigand (D:6)
  A sleepcap (D:6)
  2 iguanas (D:6)
  3 adders
  3 dart slugs
  A ball python (D:2)
  4 endoplasms
  4 giant cockroaches (D:1)
  A goblin (D:1)
  2 hobgoblins (D:1)
  3 jackals (D:1)
  A quokka (D:1)
  2 bats
  3 frilled lizards
  10 kobolds
  6 rats
48 creatures vanquished.

Notes
Turn   | Place    | Note
-------+----------+-------------------------------------------
     0 | D:1      | qw the Gargoyle Fighter began the quest for the Orb.
     0 | D:1      | Reached XP level 1. HP: 14/14 MP: 1/1
     0 | D:1      | 0 ||| qw: Version: 0.2-a-102-gdf20003
     0 | D:1      | 0 ||| qw: Game counter: 901
     0 | D:1      | 0 ||| qw: Always use a shield: true
     0 | D:1      | 0 ||| qw: God list: Okawaru
     0 | D:1      | 0 ||| qw: Allow faded altars: false
     0 | D:1      | 0 ||| qw: Do Orc after D:15 true
     0 | D:1      | 0 ||| qw: Do second Lair branch before Depths: true
     0 | D:1      | 0 ||| qw: Lair rune preference: random
     0 | D:1      | 0 ||| qw: Plans: Normal, Zot:1-4, Slime:5, God:TSO, Crypt,
                  | Tomb, Pan, Hells, Abyss, Win
     0 | D:1      | 0 ||| PLANNING D:1-11
   111 | D:1      | Reached skill level 2 in Axes
   130 | D:1      | 130 ||| Stepping ~*~*~tactically~*~*~ (stealth).
   132 | D:1      | 132 ||| Stepping ~*~*~tactically~*~*~ (stealth).
   133 | D:1      | 133 ||| Stepping ~*~*~tactically~*~*~ (stealth).
   134 | D:1      | 134 ||| Stepping ~*~*~tactically~*~*~ (stealth).
   175 | D:1      | Found a faded altar of an unknown god.
   351 | D:1      | 351 ||| Stepping ~*~*~tactically~*~*~ (hiding).
   359 | D:1      | Reached XP level 2. HP: 19/19 MP: 2/2
   765 | D:1      | Reached skill level 3 in Axes
   945 | D:1      | 945 ||| UPGRADING to +0 helmet.
   950 | D:1      | 950 ||| UPGRADING to ring of protection from fire.
   951 | D:1      | 951 ||| READING 3 scrolls labelled PIRAET BIFET.
   952 | D:1      | 952 ||| READING scroll labelled IGELUT SOUCOCLU.
  1053 | D:1      | 1053 ||| READING scroll labelled DYURCH FERUJIS.
  1058 | D:1      | 1058 ||| READING 2 scrolls of identify.
  1058 | D:1      | 1058 ||| IDENTIFYING metallic amethyst potion
  1123 | D:2      | Reached XP level 3. HP: 23/23 MP: 3/3
  1216 | D:2      | 1216 ||| Stepping ~*~*~tactically~*~*~ (stealth).
  1217 | D:2      | 1217 ||| Stepping ~*~*~tactically~*~*~ (stealth).
  1348 | D:2      | 1348 ||| Stepping ~*~*~tactically~*~*~ (stealth).
  1349 | D:2      | 1349 ||| Stepping ~*~*~tactically~*~*~ (stealth).
  1350 | D:2      | 1350 ||| Stepping ~*~*~tactically~*~*~ (stealth).
  1351 | D:2      | 1351 ||| Stepping ~*~*~tactically~*~*~ (stealth).
  1429 | D:2      | 1429 ||| Stepping ~*~*~tactically~*~*~ (hiding).
  1430 | D:2      | 1430 ||| Stepping ~*~*~tactically~*~*~ (hiding).
  1431 | D:2      | 1431 ||| Stepping ~*~*~tactically~*~*~ (hiding).
  1542 | D:2      | 1542 ||| DROPPING +0 club.
  1778 | D:2      | Reached XP level 4. HP: 28/28 MP: 4/4
  1826 | D:2      | 1826 ||| UPGRADING to +1 pair of boots.
  1831 | D:2      | 1831 ||| UPGRADING to amulet of regeneration.
  1836 | D:2      | 1836 ||| READING scroll labelled JIFO RATTOTAT.
  1837 | D:2      | 1837 ||| READING 3 scrolls of identify.
  1837 | D:2      | 1837 ||| IDENTIFYING murky purple potion
  1838 | D:2      | 1838 ||| READING 2 scrolls of identify.
  1838 | D:2      | 1838 ||| IDENTIFYING fuming puce potion
  1839 | D:2      | 1839 ||| DROPPING potion of magic.
  1840 | D:2      | 1840 ||| DROPPING potion of brilliance.
  1900 | D:3      | Reached skill level 4 in Axes
  1929 | D:3      | Noticed a black bear
  1940 | D:3      | Killed a black bear
  1941 | D:3      | Reached skill level 5 in Axes
  1941 | D:3      | Reached XP level 5. HP: 32/32 MP: 5/5
  1958 | D:3      | You fall into a shaft and drop 3 floors!
  1973 | D:6      | Found a basalt altar of Yredelemnul.
  2036 | D:6      | Noticed a kobold brigand
  2037 | D:6      | 2037 ||| Stepping ~*~*~tactically~*~*~ (stealth).
  2038 | D:6      | 2038 ||| Stepping ~*~*~tactically~*~*~ (stealth).
  2040 | D:6      | 2040 ||| Stepping ~*~*~tactically~*~*~ (hiding).
  2041 | D:6      | 2041 ||| Stepping ~*~*~tactically~*~*~ (hiding).
  2042 | D:6      | 2042 ||| Stepping ~*~*~tactically~*~*~ (hiding).
  2054 | D:6      | Killed a kobold brigand
  2055 | D:6      | Reached skill level 1 in Dodging
  2055 | D:6      | Reached XP level 6. HP: 37/38 MP: 6/6
  2057 | D:6      | 2057 ||| Stepping ~*~*~tactically~*~*~ (hiding).
  2058 | D:6      | 2058 ||| Stepping ~*~*~tactically~*~*~ (hiding).
  2059 | D:6      | 2059 ||| Stepping ~*~*~tactically~*~*~ (hiding).
  2060 | D:6      | 2060 ||| Stepping ~*~*~tactically~*~*~ (hiding).
  2084 | D:6      | Noticed an orc warrior
  2085 | D:6      | 2085 ||| Stepping ~*~*~tactically~*~*~ (stealth).
  2086 | D:6      | 2086 ||| Stepping ~*~*~tactically~*~*~ (stealth).
  2087 | D:6      | 2087 ||| Stepping ~*~*~tactically~*~*~ (stealth).
  2096 | D:6      | HP: 2/38 [orc warrior/+0 war axe (12)]
  2100 | D:6      | Slain by an orc warrior

Levels and vault maps discovered:
D:1:      dpeg_chamrin_arrival_tetris, layout_basic,
          ebering_ecumenical_altar_box
D:2:      layout_loops_ring, serial_glass, glass_columns_b, glass_columns_a
D:3:      minmay_razor_zed, layout_rooms, general_overflow_altar,
          mainiacjoe_overflow_alcove_4
D:6:      layout_loops_ring, mainiacjoe_overflow_six_doors_small

Skill      XL: |  1  2  3  4  5 |
---------------+----------------+-----
Axes           | 2 3 5 |  5.1
Fighting       | 4 |  4.1
Dodging        | 1 |  1.7
Armour         | |  3.2
Shields        | |  3.2

Action                     |  1- 3 |  4- 6 || total
---------------------------+-------+-------++-------
  Melee: War axe           |    77 |    51 ||   128
  Throw: Boomerang         |    16 |    17 ||    33
    Use: Scroll            |     4 |     3 ||     7
 Armour: Scale mail        |    34 |    42 ||    76
  Dodge: Dodged            |    34 |    27 ||    61
  Block: Buckler           |    11 |     9 ||    20

Table legend:
 A = Non-vault XP
 B = Vault XP
 C = Vault XP percentage of total XP
 D = Non-vault monster count
 E = Vault monster count
 F = Vault count percentage of total count
                 A         B        C        D         E       F
            +---------+---------+-------+---------+---------+-------
      Total |     448 |       0 |   0.0 |      48 |       0 |   0.0
            +---------+---------+-------+---------+---------+-------
        D:1 |      33 |       0 |   0.0 |      18 |       0 |   0.0
        D:2 |      51 |       0 |   0.0 |      16 |       0 |   0.0
        D:3 |     145 |       0 |   0.0 |       4 |       0 |   0.0
        D:6 |     219 |       0 |   0.0 |      10 |       0 |   0.0
            +---------+---------+-------+---------+---------+-------
